 Dungeon Crawl Stone Soup version 0.27-a0-457-gba82baf56e (webtiles) character file.

Game seed: 17358135496756564747

191 Chiseanne the Skirmisher (level 5, -9/44 HPs)
             Began as a Demonspawn Wanderer on Feb 28, 2021.
             Mangled by Ijyb
             ... wielding a +3 dagger of electrocution
              (14 damage)
             ... on level 2 of the Dungeon.
             The game lasted 00:03:53 (2126 turns).

Chiseanne the Skirmisher (Demonspawn Wanderer)      Turns: 2126, Time: 00:03:54

Health: -9/44      AC:  9    Str: 12 (14) XL:     5   Next: 42%
Magic:  5/5        EV:  9    Int: 13 (14) God:
Gold:   75         SH:  0    Dex: 11 (13) Spells: 4/4 levels left

rFire    . . .     SeeInvis .   r - +2 dagger (speed)
rCold    . . .     Faith    .   (no shield)
rNeg     . . .     Spirit   .   d - +2 scale mail
rPois    +         Reflect  .   (no helmet)
rElec    .         Harm     .   (no cloak)
rCorr    .         Rampage  .   (no gloves)
Will     .....     Rnd*Rage +   (no boots)
Stlth    ..........             (no amulet)
HPRegen  0.14/turn              (no ring)
MPRegen  0.09/turn              (no ring)

@: brilliant
A: agile 1, berserk 1, mutation resistance 1, poison resistance, spiny 1
a: no special abilities


You were on level 2 of the Dungeon.
You visited 1 branch of the dungeon, and saw 3 of its levels.

You collected 75 gold pieces.

Inventory:

Hand Weapons
 m - a +0 scimitar
 r - a +2 dagger of speed (weapon)
Missiles
 a - 44 sling bullets
 e - 3 throwing nets (quivered)
 f - 5 boomerangs
 g - 76 stones
 l - 80 arrows
 o - 30 poisoned darts
 u - 4 javelins
Armour
 d - a +2 scale mail (worn)
Scrolls
 i - 2 scrolls of immolation
 t - 4 scrolls of identify
 v - 2 scrolls of teleportation {unknown}
Potions
 b - 2 potions of lignification
 c - 3 potions of curing
 p - 2 potions of ambrosia
 q - a potion of attraction
 s - a potion of heal wounds {unknown}


   Skills:
 * Level 5.0 Fighting
 * Level 4.6 Armour
 * Level 2.5 Dodging
 - Level 1.0 Shields
 - Level 1.0 Evocations


You had 4 spell levels left.
You didn't know any spells.
Your spell library was empty.

Dungeon Overview and Level Annotations

Branches:
Dungeon (3/15)

Altars:
Ashenzari

Annotations:
D:2 Ijyb


Innate Abilities, Weirdness & Mutations

You are partially covered in sharp spines.
You are agile. (Dex +2)
You tend to lose your temper in combat.
You are somewhat resistant to further mutation.
Your system is resistant to poisons. (rPois)


Message History

The goblin barely misses you. The goblin is struck by your spines.
The goblin completely misses you.
You are too injured to fight recklessly!
You are too injured to fight recklessly!
You are too injured to fight recklessly!
You are too injured to fight recklessly!
You are too injured to fight recklessly!
You are too injured to fight recklessly!
You are too injured to fight recklessly!
You are too injured to fight recklessly!
You are too injured to fight recklessly!
You are too injured to fight recklessly!
You are too injured to fight recklessly!
You are too injured to fight recklessly!
You are too injured to fight recklessly!
You are too injured to fight recklessly!
You are too injured to fight recklessly!
You are too injured to fight recklessly!
You are too injured to fight recklessly!
You are too injured to fight recklessly!
You are too injured to fight recklessly!
You are too injured to fight recklessly!
You closely miss Ijyb.
Ijyb is lightly wounded.
You barely miss the goblin. Ijyb is struck by your spines.
Ijyb hits you but does no damage.
You are electrocuted!
* * * LOW HITPOINT WARNING * * *
The goblin closely misses you. The goblin is struck by your spines.
You kill the goblin!
You aren't carrying any items that you can evoke.
Unknown command.
It was a potion of degeneration.
There was something very wrong with that liquid.
You feel weakened.
You feel dopey.
You feel clumsy. The goblin hits you but does no damage.
It was a potion of brilliance.
You feel clever all of a sudden. Ijyb is struck by your spines.
Ijyb hits you but does no damage.
You are electrocuted!
You die...

# ##### ######.....
##########........#
##
#........gg.......#
#.
#.######.@#8.)...8#
#. #.# #..#†))....#
####. ######.#
#..#8.....8# .....
#......# #.>#.......#
##### #.######
#<.#8.....8# # #.#
###..#.).....# #
###.#
#....#8.....8### #
....#
#.#..#..?.$..#.######
##### #....####
###.......


You could see Ijyb and a goblin.

Vanquished Creatures
  An orc priest (D:3)
  3 gnolls (D:3)
  4 adders
  An ooze (D:1)
  3 worms (D:3)
  4 dart slugs
  A leopard gecko (D:2)
  4 orcs (D:3)
  9 bats
  4 giant cockroaches (D:1)
  14 goblins
  3 hobgoblins
  2 jackals (D:3)
  2 quokkas
  6 frilled lizards
  6 kobolds
  7 rats
74 creatures vanquished.

Notes
Turn   | Place    | Note
-------+----------+-------------------------------------------
     0 | D:1      | Chiseanne the Demonspawn Wanderer began the quest for the
                  | Orb.
     0 | D:1      | Chiseanne set off with the following items: a +0 club, a
                  | potion of lignification, a potion of curing, a +2 scale
                  | mail
     0 | D:1      | Reached XP level 1. HP: 19/19 MP: 1/1
   138 | D:1      | Gained mutation: You are partially covered in sharp spines.
                  | [demonic ancestry]
   138 | D:1      | Reached XP level 2. HP: 21/25 MP: 2/2
   327 | D:1      | Reached skill level 1 in Dodging
   648 | D:1      | Reached XP level 3. HP: 31/31 MP: 3/3
  1082 | D:2      | You fall into a shaft and drop 1 floor!
  1115 | D:3      | Reached XP level 4. HP: 38/38 MP: 4/4
  1397 | D:3      | Gained mutation: You tend to lose your temper in combat.
                  | [potion of mutation]
  1397 | D:3      | Gained mutation: Your system is resistant to poisons.
                  | (rPois) [potion of mutation]
  1397 | D:3      | Gained mutation: You are agile. (Dex +2) [potion of
                  | mutation]
  1397 | D:3      | Gained mutation: You are somewhat resistant to further
                  | mutation. [potion of mutation]
  1410 | D:3      | HP: 1/38 [gnoll/+0 halberd (3)]
  1851 | D:3      | Reached skill level 5 in Fighting
  1851 | D:3      | Reached XP level 5. HP: 41/44 MP: 5/5
  1976 | D:2      | Found a broken altar of Ashenzari.
  2111 | D:2      | Noticed Ijyb
  2126 | D:2      | Mangled by Ijyb

Illustrated notes

Levels and vault maps discovered:
D:1:      scummos_arrival_gate, layout_loops_ring, minmay_vboxes
D:2:      kennysheep_the_goblin_king, layout_loops_ring,
          nicolae_ashenzari_panopticon
D:3:      layout_loops_ring

Skill      XL: |  1  2  3  4 |
---------------+-------------+-----
Dodging        | 1 2 |  2.5
Armour         | 4 |  4.6
Fighting       | 5 |  5.0
Shields        | |  1.0
Evocations     | |  1.0

Action                   |  1- 3 |  4- 6 || total
-------------------------+-------+-------++-------
Melee: Club              |    56 |       ||    56
       Short sword       |    53 |       ||    53
       Dagger            |     9 |   121 ||   130
Throw: Throwing net      |       |     1 ||     1
  Use: Scroll            |     3 |       ||     3
       Potion            |       |     6 ||     6
 Stab: Held in net/web   |       |     1 ||     1
Armor: Scale mail        |   102 |    36 ||   138
Dodge: Dodged            |   108 |    41 ||   149

Table legend: (Time is in decaauts)
 A = Elapsed time spent in this place.
 B = Non-inter-level travel time spent in this place.
 C = Inter-level travel time spent in this place.
 D = Time resting spent in this place.
 E = Time spent auto-exploring this place.
 F = Levels seen in this place.
 G = Mean time per level.
                   A        B        C        D        E       F      G
               +--------+--------+--------+--------+--------+-----+--------+
         Total |   2096 |   2076 |     20 |    319 |   1343 |   3 |  698.7 |
       Dungeon |   2096 |   2076 |     20 |    319 |   1343 |   3 |  698.7 |
               +--------+--------+--------+--------+--------+-----+--------+

Top non-repeatable levels by time:
     D:1: 989 daAuts
     D:3: 766 daAuts
     D:2: 340 daAuts
